 Dungeon Crawl Stone Soup version 0.31.0-11-ge490571c62 (webtiles) character file.

Game seed: 16209290494813237909

63 qw the Shooter (level 3, -4/18 HPs)
             Began as a Spriggan Hunter on Feb 4, 2024.
             Incinerated by a bombardier beetle (6 damage)
             ... with a burning spray
             ... on level 3 of the Dungeon.
             The game lasted 00:00:05 (1934 turns).

qw the Shooter (Spriggan Hunter)                    Turns: 1934, Time: 00:00:06

Health: -4/18      AC:  2    Str:  7    XL:     3   Next: 87%
Magic:  4/4        EV: 19    Int: 10    God:
Gold:   79         SH:  0    Dex: 20    Spells: 2/2 levels left

rFire   . . .        a - +1 shortbow
rCold   . . .        (shield currently unavailable)
rNeg    . . .        c - +0 robe
rPois   .            (helmet restricted)
rElec   .            (no cloak)
rCorr   .            (gloves unavailable)
SInv    +            (boots unavailable)
Will    .....        (no amulet)
Stlth   +            (no ring)
HPRegen 0.23/turn    (no ring)
MPRegen 0.09/turn

%: no passive effects
@: on fire, glowing, very quick
A: very small, no large weapons, unfitting armour, see invisible, speed 3
a: no special abilities


You were on level 3 of the Dungeon.
You visited 1 branch of the dungeon, and saw 3 of its levels.

You collected 79 gold pieces.


Innate Abilities, Weirdness & Mutations

You are very small and have problems with some larger weapons.
You are too small for most types of armour.
You have supernaturally acute eyesight. (SInv)
You cover ground extremely quickly. (Speed+++)


   Skills:
 - Level 1.5 Fighting
 - Level 5.0 Ranged Weapons
 + Level 4.1 Dodging
 - Level 1.5 Stealth


You had 2 spell levels left.
You didn't know any spells.
Your spell library was empty.

Inventory:

Hand Weapons
 a - a +1 shortbow (weapon)
Armour
 c - a +0 robe (worn)
Potions
 d - a potion of heal wounds {unknown}
 e - 2 potions of curing
 h - 2 potions of mutation

Dungeon Overview and Level Annotations

Branches:
Dungeon (3/15)

Altars:
Ru

Shops:
D:2 [

Annotations:
D:1 1 runed translucent door


Message History

You kill the endoplasm!
You see here a +0 mace.
A frilled lizard comes into view.
The frilled lizard hisses angrily.
You shoot an arrow. The arrow misses the frilled lizard.
You shoot an arrow.
The arrow closely misses the frilled lizard.
You shoot an arrow.
The arrow closely misses the frilled lizard.
You shoot an arrow. The arrow hits the frilled lizard.
The frilled lizard is heavily wounded.
You shoot an arrow. The arrow hits the frilled lizard.
You kill the frilled lizard!
You see here a frilled lizard corpse.
As you open the door, it creaks loudly!
A bombardier beetle comes into view.
The bombardier beetle sprays incendiary fluid at you.
The burning spray hits you.
You are covered in liquid fire!
Found a hand axe and 3 stones.
You shoot an arrow. The arrow hits the bombardier beetle.
The bombardier beetle is moderately wounded.
The liquid fire burns you!
You shoot an arrow.
The arrow hits the bombardier beetle but does no damage.
The bombardier beetle is moderately wounded.
The liquid fire burns you!
The bombardier beetle sprays incendiary fluid at you.
The burning spray hits you.
You are even more covered in liquid fire!
You shoot an arrow. The arrow hits the bombardier beetle.
The bombardier beetle is severely wounded.
The liquid fire burns you!
You shoot an arrow. The arrow hits the bombardier beetle.
The bombardier beetle is almost dead.
The liquid fire burns you!
You shoot an arrow. The arrow hits the bombardier beetle!
You kill the bombardier beetle!
The liquid fire burns you!
You die...

#...............#
#......###......#
#......# #......#
+ #......#
#).....# 8.
#......# #......#
(.. #......#
#.....##8...
#......#
#....##.....
#......#
#..%.#8.....
########
###.@'.....)
#..#8%.... #..#
..... #... 8...
#...# ... ....#
8. #...+ + #####


There were no monsters in sight!

Vanquished Creatures
  A bombardier beetle (D:3)
  An adder (D:2)
  2 dart slugs
  A ribbon worm (D:2)
  An orc (D:2)
  4 ball pythons
  5 endoplasms
  A giant cockroach (D:1)
  3 hobgoblins
  2 jackals (D:1)
  5 kobolds
  A quokka (D:1)
  5 bats
  3 frilled lizards
  4 goblins
  7 rats
46 creatures vanquished.

Notes
Turn   | Place    | Note
-------+----------+-------------------------------------------
     0 | D:1      | qw the Spriggan Hunter began the quest for the Orb.
     0 | D:1      | Reached XP level 1. HP: 10/10 MP: 2/2
     0 | D:1      | 0 ||| qw: Version: 0.3-a-160-g6735b56
     0 | D:1      | 0 ||| qw: Game counter: 4626
     0 | D:1      | 0 ||| qw: Melee chars always use a shield: true
     0 | D:1      | 0 ||| qw: God list: Okawaru
     0 | D:1      | 0 ||| qw: Allow faded altars: false
     0 | D:1      | 0 ||| qw: Do Orc after clearing Dungeon:15 true
     0 | D:1      | 0 ||| qw: Do second Lair branch before Depths: true
     0 | D:1      | 0 ||| qw: Lair rune preference: random
     0 | D:1      | 0 ||| qw: Goals: Normal
     0 | D:1      | 0 ||| PLANNING D:1-11
     1 | D:1      | Found a runed translucent door.
    28 | D:1      | Reached skill level 3 in Dodging
   203 | D:1      | Reached XP level 2. HP: 14/14 MP: 3/3
   369 | D:1      | Found a faded altar of an unknown god.
   936 | D:1      | 936 ||| READING scroll labelled PENIUCIEME.
   936 | D:1      | 936 ||| ENCHANTING +0 shortbow.
   937 | D:1      | 937 ||| READING scroll labelled XETUNI TUUSU.
   937 | D:1      | 937 ||| IDENTIFYING fizzy sapphire potion
   938 | D:1      | 938 ||| READING 3 scrolls labelled SAINOETYMN.
   939 | D:1      | 939 ||| READING scroll labelled GONOKHL MUCROTA.
   940 | D:1      | 940 ||| DRINKING 3 golden potions.
   941 | D:1      | 941 ||| DROPPING scroll of butterflies.
   942 | D:1      | 942 ||| DROPPING 2 scrolls of noise.
  1045 | D:2      | Noticed an animated gold dragon scales
  1046 | D:2      | Found Bithrup's Armour Emporium.
  1046 | D:2      | Noticed an animated pearl dragon scales
  1053 | D:2      | 1053 ||| DROPPING +6 ring of intelligence.
  1062 | D:2      | Reached XP level 3. HP: 17/18 MP: 4/4
  1248 | D:2      | HP: 4/18 [poisoned by an adder]
  1765 | D:2      | 1765 ||| READING scroll labelled EPHIPSUI YMYUL.
  1765 | D:2      | 1765 ||| ENCHANTING +1 shortbow.
  1766 | D:2      | 1766 ||| READING scroll labelled TOCO IXKOTAMM.
  1767 | D:2      | 1767 ||| DRINKING 2 fuming brown potions.
  1784 | D:2      | 1784 ||| DROPPING potion of lignification.
  1862 | D:3      | Found a sacrificial altar of Ru.
  1886 | D:3      | Reached skill level 5 in Ranged Weapons
  1933 | D:3      | HP: 2/18 [burnt (3)]
  1934 | D:3      | Incinerated by a bombardier beetle

Levels and vault maps discovered:
D:1:      dpeg_arrival_caged_fury, layout_basic,
          hellmonk_ecumenical_altar_dog_temple
D:2:      minmay_skewed_foursquare, layout_loops_ring, serial_shops,
          nicolae_shop_mannequins
D:3:      layout_basic, lemuel_crystal_altar, mainiacjoe_overflow_catwalk,
          dk_noncrumbling_4

Skill      XL: |  1  2  3 |
---------------+----------+-----
Dodging        | 3 4 |  4.1
Ranged Weapons | 5 |  5.0
Fighting       | |  1.5
Stealth        | |  1.5

Action                     || total
---------------------------++-------
   Fire: Shortbow          ||   128
    Use: Scroll            ||     6
         Potion            ||     2
 Armour: Robe              ||    18
  Dodge: Dodged            ||    27

Table legend:
 A = Non-vault XP
 B = Vault XP
 C = Vault XP percentage of total XP
 D = Non-vault monster count
 E = Vault monster count
 F = Vault count percentage of total count
                 A         B        C        D         E       F
            +---------+---------+-------+---------+---------+-------
      Total |     121 |      11 |   8.3 |      40 |       6 |  13.0
            +---------+---------+-------+---------+---------+-------
        D:1 |      29 |       4 |  12.1 |      19 |       2 |   9.5
        D:2 |      41 |       7 |  14.6 |      16 |       4 |  20.0
        D:3 |      51 |       0 |   0.0 |       5 |       0 |   0.0
            +---------+---------+-------+---------+---------+-------
